 Dungeon Crawl Stone Soup version 0.31-a0-819-gf6de2f5ab6 (webtiles) character file.

Game seed: 2340406896564897124

646 Joey1 the Cleaver (level 7, -4/61 HPs)
             Began as a Minotaur Berserker on Sept 24, 2023.
             Was a Priest of Trog.
             Killed from afar by a steam dragon (21 damage)
             ... with a ball of steam
             ... on level 5 of the Dungeon.
             The game lasted 00:04:08 (3422 turns).

Joey1 the Cleaver (Minotaur Berserker)              Turns: 3422, Time: 00:04:09

Health: -4/61      AC:  6    Str: 23    XL:     7   Next: 27%
Magic:  6/6        EV: 11    Int:  4    God:    Trog [***...]
Gold:   258        SH:  0    Dex: 10    Spells: 6/6 levels left

rFire   . . .        a - +0 hand axe
rCold   . . .        (no shield)
rNeg    . . .        o - +0 scale mail
rPois   .            (helmet restricted)
rElec   .            (no cloak)
rCorr   .            (no gloves)
SInv    .            (no boots)
Will    .....        d - amulet of regeneration Stlth
                     (no ring)
HPRegen 1.10/turn    (no ring)
MPRegen 0.10/turn

%: no passive effects
@: no status effects
A: horns 2, retaliatory headbutt
a: Renounce Religion, Berserk, Trog's Hand


You were on level 5 of the Dungeon.
You worshipped Trog.
Trog was most pleased with you.
You visited 1 branch of the dungeon, and saw 5 of its levels.

You collected 258 gold pieces.

Inventory:

Hand Weapons
 a - a +0 hand axe (weapon)
 f - a +0 morningstar
Armour
 b - a +0 animal skin
 o - a +0 scale mail (worn)
Jewellery
 d - an amulet of regeneration (around neck)
 l - a +5 ring of evasion
Wands
 p - a wand of flame (31)
Scrolls
 c - 2 scrolls of summoning {unknown}
 e - a scroll of blinking {unknown}
 g - 6 scrolls of identify {unknown}
 i - a scroll of immolation {unknown}
 j - 2 scrolls of torment {unknown}
 n - a scroll of noise {unknown}
 s - a scroll of fear {unknown}
Potions
 h - 2 potions of curing {unknown}
 k - a potion of lignification {unknown}
 m - a potion of haste {unknown}
 q - 2 potions of degeneration {unknown}
 r - a potion of ambrosia {unknown}


   Skills:
 - Level 5.0 Fighting
 * Level 8.0 Axes
 - Level 3.0 Armour
 - Level 5.0 Dodging


You had 6 spell levels left.
You didn't know any spells.
Your spell library was empty.

Dungeon Overview and Level Annotations

Branches:
Dungeon (5/15)             Temple (0/1) D:4

Altars:


Innate Abilities, Weirdness & Mutations

You have a pair of horns on your head.
You reflexively headbutt those who attack you in melee.


Message History

There is a stone staircase leading down here.
You climb downwards.
There is a stone staircase leading up here.
Found an escape hatch in the ceiling.
There is a stone staircase leading up here.
Found 11 gold pieces.
What are your orders? t - Shout!
Orders for allies: a - Attack new target. r - Retreat! s - Stop attacking. g - Guard the area. f - Follow me.
Anything else - Cancel.
You shout for attention!
You hear an angry hiss.
The steam dragon breathes steam at you. The ball of steam hits you!
The steam dragon bites you. The steam dragon claws you.
You hit the steam dragon. Your headbutt misses the steam dragon.
The steam dragon is lightly wounded.
You are engulfed in a cloud of scalding steam.
The steam dragon bites you. The steam dragon claws you.
You hit the steam dragon.
The steam dragon is lightly wounded.
The steam dragon bites you!
The steam dragon claws you but does no damage.
You hit the steam dragon.
The steam dragon is lightly wounded.
The steam dragon breathes steam at you. The ball of steam hits you!
You closely miss the steam dragon. You headbutt the steam dragon.
The steam dragon is moderately wounded.
You are engulfed in a cloud of scalding steam.
* * * LOW HITPOINT WARNING * * *
The steam dragon bites you but does no damage.
The steam dragon closely misses you.
You are engulfed in a cloud of scalding steam.
You are engulfed in a cloud of scalding steam.
* * * LOW HITPOINT WARNING * * *
The steam dragon breathes steam at you. The ball of steam hits you!!
You die...

... .......# ###.
#.... #.....# .....
#....##.....##......
#.........§.........
#...................
#.....§.§.<.........
#....§.§............
#$...§§§............
#....D§@............
#...§#########......
#....##... ######
#...........#
+...........#
#...........#
######..........# ##
##...##.......D..##..
#..................


You could see a steam dragon (catching breath).

Vanquished Creatures
  Duvessa (D:4)
  A black bear (D:4)
  A scorpion (D:4)
  Dowan (D:4)
  2 hounds
  2 orc priests (D:4)
  Natasha (thrice) (D:2)
  An iguana (D:4)
  Robin (D:2)
  2 adders (D:3)
  2 worms (D:2)
  2 dart slugs (D:2)
  2 orcs (D:4)
  6 ball pythons
  9 bats
  7 endoplasms
  A giant cockroach (D:4)
  11 goblins
  5 hobgoblins
  11 kobolds
  2 quokkas
  6 frilled lizards
  4 rats
83 creatures vanquished.

Vanquished Creatures (others)
  A jelly (D:5)
1 creature vanquished.

Grand Total: 84 creatures vanquished

Notes
Turn   | Place    | Note
-------+----------+-------------------------------------------
     0 | D:1      | Joey1 the Minotaur Berserker began the quest for the Orb.
     0 | D:1      | Reached XP level 1. HP: 19/19 MP: 0/0
   306 | D:1      | Reached XP level 2. HP: 27/27 MP: 1/1
   341 | D:1      | Reached skill level 4 in Axes
   805 | D:2      | Reached XP level 3. HP: 29/33 MP: 2/2
   991 | D:2      | Reached ** piety under Trog
  1032 | D:2      | Noticed Robin
  1043 | D:2      | Killed Robin
  1049 | D:2      | Reached XP level 4. HP: 36/40 MP: 3/3
  1253 | D:2      | Noticed Natasha
  1258 | D:2      | Killed Natasha
  1259 | D:2      | Reached skill level 5 in Axes
  1445 | D:2      | Noticed Natasha
  1450 | D:2      | Killed Natasha
  1723 | D:2      | Noticed Natasha
  1729 | D:2      | Killed Natasha
  1730 | D:2      | Reached XP level 5. HP: 30/47 MP: 4/4
  2655 | D:4      | Reached skill level 5 in Fighting
  2655 | D:4      | Reached skill level 6 in Axes
  2655 | D:4      | Reached XP level 6. HP: 54/56 MP: 5/5
  2657 | D:4      | Noticed Dowan
  2658 | D:4      | Noticed Duvessa
  2668 | D:4      | Killed Duvessa
  2672 | D:4      | Killed Dowan
  2673 | D:4      | Reached skill level 7 in Axes
  2934 | D:4      | Found a staircase to the Ecumenical Temple.
  2993 | D:4      | Reached XP level 7. HP: 58/61 MP: 6/6
  3272 | D:5      | Entered Level 5 of the Dungeon
  3284 | D:5      | Noticed a steam dragon
  3287 | D:5      | Reached *** piety under Trog
  3291 | D:5      | Reached skill level 8 in Axes
  3291 | D:5      | Reached skill level 5 in Dodging
  3422 | D:5      | Killed from afar by a steam dragon

Illustrated notes

Levels and vault maps discovered:
D:1:      dpeg_arrival_brainrot, layout_basic
D:2:      layout_loops_ring, dreamdust_princess_corridor, grunt_ministairs_2,
          uniq_natasha, uniq_robin
D:3:      layout_basic, serial_corexii_hall, chequers_hall_statues_corner_a,
          chequers_hall_statues_wall_a
D:4:      layout_cave_pods, temple_hall, serial_column_ruins,
          column_ruins_pillar_1, column_ruins_pillar_5, column_ruins_pillar_7,
          column_ruins_pillar_6, column_ruins_pillar_3, column_ruins_pillar_4,
          column_ruins_pillar_6, column_ruins_pillar_1, column_ruins_pillar_3,
          column_ruins_pillar_2, column_ruins_pillar_6, column_ruins_pillar_2,
          column_ruins_pillar_6, column_ruins_pillar_1, column_ruins_pillar_3,
          column_ruins_pillar_6, uniq_duvessa
D:5:      layout_gridville, grunt_temple_overflow_order_and_chaos_2,
          serial_shops, shop, hangedman_decor_growths

Skill      XL: |  1  2  3  4  5  6  7 |
---------------+----------------------+-----
Axes           | 4 5 6 7 8 |  8.0
Fighting       | 4 5 |  5.0
Armour         | 3 |  3.0
Dodging        | 3 4 5 |  5.0

Action                     |  1- 3 |  4- 6 |  7- 9 || total
---------------------------+-------+-------+-------++-------
  Melee: Hand axe          |    97 |    94 |    12 ||   203
         Headbutt          |     6 |    12 |     2 ||    20
         Punch             |     1 |       |       ||     1
 Invoke: Berserk           |       |     2 |       ||     2
         Trog's Hand       |       |     1 |       ||     1
   Stab: Sleeping          |       |     1 |       ||     1
 Armour: Animal skin       |    60 |    24 |       ||    84
         Scale mail        |       |    33 |    22 ||    55
  Dodge: Dodged            |    65 |    57 |     9 ||   131

Table legend: (Time is in decaauts)
 A = Elapsed time spent in this place.
 B = Non-inter-level travel time spent in this place.
 C = Inter-level travel time spent in this place.
 D = Time resting spent in this place.
 E = Time spent auto-exploring this place.
 F = Levels seen in this place.
 G = Mean time per level.
                   A        B        C        D        E       F      G
               +--------+--------+--------+--------+--------+-----+--------+
         Total |   3458 |   3268 |    190 |    108 |   2621 |   5 |  691.6 |
       Dungeon |   3458 |   3268 |    190 |    108 |   2621 |   5 |  691.6 |
               +--------+--------+--------+--------+--------+-----+--------+

Top non-repeatable levels by time:
     D:2: 1086 daAuts
     D:4: 903 daAuts
     D:1: 804 daAuts
     D:3: 605 daAuts
     D:5: 59 daAuts
